 Dungeon Crawl Stone Soup version 0.31-a0-259-g771a54ca4b (webtiles) character file.

Game seed: 7404500386479671776

8630 qw the Skirmisher (level 11, 0/97 HPs)
             Began as a Minotaur Hexslinger on July 13, 2023.
             Was a High Priest of Okawaru.
             Slain by a death knight
             ... wielding a +0 battleaxe
              (27 damage)
             ... on level 10 of the Dungeon.
             The game lasted 00:03:07 (9025 turns).

qw the Skirmisher (Minotaur Hexslinger)             Turns: 9025, Time: 00:03:08

Health: 0/97       AC:  7    Str: 15    XL:     11   Next: 12%
Magic:  13/15      EV: 19    Int: 10    God:    Okawaru [*****.]
Gold:   203        SH:  0    Dex: 17    Spells: 11/12 levels left

rFire   . . .        u - +9 longbow of World Downfall {drain, rPois rC- Str+2}
rCold   x . .        (shield currently unavailable)
rNeg    . . .        h - +2 robe {Will+}
rPois   +            (helmet restricted)
rElec   .            (no cloak)
rCorr   .            (no gloves)
SInv    .            p - +2 pair of boots
Will    +....        g - amulet of faith
Stlth   +++          (no ring)
HPRegen 0.36/turn    (no ring)
MPRegen 0.14/turn

%: faith
@: heroic
A: horns 2, retaliatory headbutt
a: Renounce Religion, Heroism, Finesse, Duel


You were on level 10 of the Dungeon.
You worshipped Okawaru.
Okawaru was extremely pleased with you.
You visited 1 branch of the dungeon, and saw 10 of its levels.
You also visited: Ossuary.

You collected 607 gold pieces.
You spent 404 gold pieces at shops.


Innate Abilities, Weirdness & Mutations

You have a pair of horns on your head.
You reflexively headbutt those who attack you in melee.


   Skills:
 - Level 9.0(14.0) Fighting
 + Level 13.6(18.6) Ranged Weapons
 - Level 2.0(7.0) Armour
 - Level 6.6(11.6) Dodging
 - Level 1.0 Spellcasting
 - Level 2.0 Hexes
 + Level 7.2 Invocations


You had 11 spell levels left.
You knew the following spells:

 Your Spells              Type           Power      Damage    Failure   Level
a - Slow                  Hex            16%        N/A       16%         1

Your spell library contained the following spells:

 Spells                   Type           Power      Damage    Failure   Level
 Inner Flame              Hex/Fire       2%         N/A       56%         3
 Portal Projectile        Hex/Tloc       4%         N/A       56%         3
 Cause Fear               Hex            2%         N/A       83%         4

Inventory:

Hand Weapons
 c - the +5 longbow of Dishonesty {elec, rCorr Str+4}
   (You acquired it on level 2 of the Dungeon)

   Str:       It affects your strength (+4).
   rCorr:     It protects you from acid and corrosion.
 u - the +9 longbow of World Downfall (weapon) {drain, rPois rC- Str+2}
   (Okawaru gifted it to you on level 10 of the Dungeon)

   Str:       It affects your strength (+2).
   rC:        It makes you vulnerable to cold.
   rPois:     It protects you from poison.
Armour
 h - a +2 robe of willpower (worn)
 n - the +2 pair of boots of the Lizard {Harm rPois Will-}
   (You acquired it in an ossuary)

   rPois:     It protects you from poison.
   Harm:      It increases damage dealt and taken.
   Will:      It decreases your willpower.
 o - a +1 robe of cold resistance
 p - a +2 pair of boots (worn)
 r - a +0 troll leather armour
 s - a +0 pair of gloves
Jewellery
 g - an amulet of faith (around neck)
 q - a ring of resist corrosion
 v - a ring of ice
Scrolls
 d - 4 scrolls of identify
 e - a scroll of revelation {unknown}
 i - 3 scrolls of enchant armour
 l - 6 scrolls of teleportation
 t - a scroll of noise {unknown}
Potions
 a - 5 potions of heal wounds
 b - 3 potions of curing
 f - 5 potions of mutation
 j - a potion of cancellation
 k - 4 potions of might
 m - a potion of magic

Dungeon Overview and Level Annotations

Branches:
Dungeon (10/15)            Temple (0/1) D:7         Ossuary (visited)
   Lair: D:8-11         Orc: D:9-12

Altars:
Dithmenos
Fedhas
Hepliaklqana
Okawaru
Trog
Uskayaw
Vehumet
Wu Jian
Xom
Yredelemnul

Shops:
D:5 :   D:7 =**


Message History

Okawaru accepts your kill.
You shoot an arrow. The arrow hits the efreet.
The efreet is lightly wounded.
You shoot an arrow.
The arrow hits the efreet but does no damage.
The efreet is lightly wounded.
The efreet closely misses you.
You shoot an arrow. The arrow hits the efreet!
The efreet is heavily wounded.
The efreet closely misses you. You furiously retaliate!
You headbutt the efreet! You shoot an arrow. The arrow hits the efreet!
The efreet is almost dead.
The efreet barely misses you.
You shoot an arrow. The arrow hits the efreet!
You kill the efreet!
Okawaru accepts your kill.
You see here a +4 scimitar of flaming.
A death knight comes into view.
It is wielding a +0 battleaxe and wearing a +5 chain mail of ponderousness.
You shoot an arrow.
The arrow barely misses the death knight.
The death knight shouts!
You shoot an arrow.
The arrow hits the death knight but does no damage.
The death knight offers itself to Yredelemnul, and fills with unholy energy.
You shoot an arrow. The arrow hits the death knight!!
You drain the death knight.
The death knight is heavily wounded.
The death knight reflects your damage back at you!
The death knight hits you with a +0 battleaxe!!
9023 ||| INVOKING Heroism.
You gain the combat prowess of a mighty hero.
The death knight misses you.
You shoot an arrow.
The arrow closely misses the death knight.
The death knight hits you with a +0 battleaxe!!
You shoot an arrow. The arrow hits the death knight!
The death knight is heavily wounded.
The death knight reflects your damage back at you!
The death knight hits you with a +0 battleaxe!!
You die...

##.# ##).###...#.##...# #.#
###..##.###...##[..# ##.#
###..#.#....###......# ...#
###....#..###..####....# .#.#
###......####..###.......#
.#.###.....#..##..###..###..###
.#.#.....###..#.###..####...#
...###....#..)#p#.)####/.#..#
.....###......#)@####....#..#
#...(..###.....####...##.#..#
.....#...###..###...#.##.#..#
##.#...#...###%...#......#).#
#.###.......####...#.##.#..#
#.# ####.......###...##.#..#
#.# ##........###....#..# #.#
#########......###..#..# #.#
#..........>.#...###%..#


You could see a death knight (reflects damage, drained).

Vanquished Creatures
  Erica (D:8)
  2 two-headed ogres
  A boulder beetle (D:10)
  A deep elf pyromancer (D:10)
  An orc knight (D:10)
  An ugly thing (D:10)
  An unseen horror (D:10)
  A komodo dragon (D:10)
  An efreet (D:10)
  A tengu conjurer (D:10)
  A troll (D:10)
  A vampire (D:10)
  A slime creature (D:10)
  A shadow (D:10)
  A yak (D:10)
  A wyvern (D:8)
  A wraith (D:6)
  Menkaure (Ossuary)
  A water moccasin (D:5)
  2 orc warriors
  2 ice beasts
  3 black bears
  A centaur (D:8)
  3 kobold brigands
  An elf zombie (Ossuary)
  6 bullfrogs
  3 scorpions
  5 killer bees (D:9)
  2 howler monkeys
  3 centaur zombies (Ossuary)
  2 hounds
  2 jellies
  A sleepcap (D:5)
  2 orc priests
  An iguana (D:6)
  Jessica (D:2)
  7 orc wizards
  Ijyb (D:4)
  2 ogre zombies (Ossuary)
  6 mummies (Ossuary)
  3 gnolls (D:5)
  13 adders
  A white imp (D:8)
  An ufetubus (D:4)
  6 adder zombies (Ossuary)
  3 worms
  6 dart slugs
  8 orcs
  2 bats
  10 endoplasms
  2 giant cockroaches (D:1)
  7 goblins
  4 hobgoblins
  4 jackals
  12 kobolds
  3 quokkas
  4 ball pythons
  3 frilled lizards
  6 goblin zombies (Ossuary)
  4 hobgoblin zombies (Ossuary)
  A kobold zombie (Ossuary)
  An orc zombie (Ossuary)
  3 quokka zombies (Ossuary)
  4 rats (D:1)
  3 rat zombies (Ossuary)
190 creatures vanquished.

Notes
Turn   | Place    | Note
-------+----------+-------------------------------------------
     0 | D:1      | qw the Minotaur Hexslinger began the quest for the Orb.
     0 | D:1      | Reached XP level 1. HP: 16/16 MP: 1/1
     0 | D:1      | 0 ||| qw: Version: 0.3-a-52-g30416fa
     0 | D:1      | 0 ||| qw: Game counter: 6887
     0 | D:1      | 0 ||| qw: Melee chars always use a shield: true
     0 | D:1      | 0 ||| qw: God list: Okawaru
     0 | D:1      | 0 ||| qw: Allow faded altars: false
     0 | D:1      | 0 ||| qw: Do Orc after clearing Dungeon:15 true
     0 | D:1      | 0 ||| qw: Do second Lair branch before Depths: true
     0 | D:1      | 0 ||| qw: Lair rune preference: random
     0 | D:1      | 0 ||| qw: Goals: Normal
     0 | D:1      | 0 ||| PLANNING D:1-11
   109 | D:1      | Reached skill level 3 in Ranged Weapons
   109 | D:1      | Reached XP level 2. HP: 18/23 MP: 2/2
   269 | D:1      | 269 ||| Stepping ~*~*~tactically~*~*~ (water).
   278 | D:1      | 278 ||| Stepping ~*~*~tactically~*~*~ (water).
   579 | D:1      | Reached XP level 3. HP: 29/29 MP: 3/3
   882 | D:1      | 882 ||| UPGRADING to +0 leather armour.
   892 | D:1      | 892 ||| DROPPING +0 robe.
   893 | D:1      | 893 ||| READING scroll labelled WOSAMIXOBA.
   894 | D:1      | 894 ||| READING scroll labelled UKKABL LOSHRU.
   895 | D:1      | 895 ||| READING scroll labelled LULIPP KIPHAEN.
   896 | D:1      | 896 ||| READING 3 scrolls labelled RUIDAR JO ZIMA.
   897 | D:1      | 897 ||| DROPPING scroll of poison.
  1409 | D:2      | Reached skill level 4 in Ranged Weapons
  1581 | D:2      | Noticed Jessica
  1589 | D:2      | Killed Jessica
  1590 | D:2      | Reached XP level 4. HP: 29/36 MP: 4/4
  1656 | D:2      | 1656 ||| READING scroll labelled BINONU JOROWUS.
  1656 | D:2      | Identified a scroll of acquirement
  1656 | D:2      | 1656 ||| ACQUIRING +5 longbow of Dishonesty {elec, rCorr
                  | Str+4}
  1656 | D:2      | Acquired the +5 longbow of Dishonesty {elec, rCorr Str+4}
  1658 | D:2      | 1658 ||| SWAPPING to +5 longbow of Dishonesty {elec, rCorr
                  | Str+4}.
  1659 | D:2      | 1659 ||| DROPPING +1 sling.
  1863 | D:3      | Reached skill level 5 in Ranged Weapons
  2002 | D:3      | Found an iron altar of Okawaru.
  2003 | D:3      | 2003 ||| PLANNING OKAWARU WORSHIP
  2003 | D:3      | 2003 ||| UPGRADING to +0 ring mail.
  2013 | D:3      | 2013 ||| DROPPING +0 leather armour.
  2014 | D:3      | 2014 ||| DRINKING 2 amethyst potions.
  2022 | D:3      | Became a worshipper of Warmaster Okawaru
  2023 | D:3      | 2023 ||| PLANNING D:1-11
  2375 | D:4      | 2375 ||| STAIRDANCE
  2441 | D:4      | Found a radiant altar of Vehumet.
  2530 | D:4      | Reached XP level 5. HP: 41/41 MP: 5/5
  2565 | D:4      | Noticed Ijyb
  2573 | D:4      | Killed Ijyb
  2621 | D:4      | Reached skill level 3 in Fighting
  2772 | D:4      | Found an ornate altar of the Wu Jian Council.
  2912 | D:4      | Reached * piety under Okawaru
  2913 | D:4      | Reached skill level 6 in Ranged Weapons
  2913 | D:4      | Reached XP level 6. HP: 35/51 MP: 6/6
  2913 | D:4      | 2913 ||| FLEEEEING.
  3017 | D:4      | Found a hide-covered altar of Uskayaw.
  3163 | D:4      | Found a basalt altar of Yredelemnul.
  3221 | D:4      | 3221 ||| READING scroll labelled MITAODGH IFIOCRUJ.
  3222 | D:4      | 3222 ||| READING scroll labelled DUIROE NISIMATS.
  3223 | D:4      | 3223 ||| READING 2 scrolls of identify.
  3223 | D:4      | 3223 ||| IDENTIFYING brown potion
  3224 | D:4      | 3224 ||| DROPPING potion of invisibility.
  3237 | D:5      | Entered Level 5 of the Dungeon
  3238 | D:5      | 3238 ||| PLANNING OSSUARY
  3238 | D:5      | Found Fiedd's Book Shop.
  3360 | D:5      | Found a bloodstained altar of Trog.
  3361 | D:5      | Found a hazy altar of Hepliaklqana.
  3398 | D:5      | Found a sand-covered staircase.
  3407 | Ossuary  | Entered an ossuary
  3512 | Ossuary  | Reached skill level 1 in Invocations
  3695 | Ossuary  | Reached XP level 7. HP: 53/59 MP: 7/7
  3720 | Ossuary  | Noticed Menkaure
  3721 | Ossuary  | 3721 ||| INVOKING Heroism.
  3730 | Ossuary  | Killed Menkaure
  3730 | Ossuary  | Reached ** piety under Okawaru
  3731 | Ossuary  | Reached skill level 3 in Invocations
  3732 | Ossuary  | 3732 ||| INVOKING Heroism.
  3735 | Ossuary  | Reached skill level 7 in Ranged Weapons
  3735 | Ossuary  | 3735 ||| FLEEEEING.
  3736 | Ossuary  | 3736 ||| FLEEEEING.
  3737 | Ossuary  | 3737 ||| FLEEEEING.
  3738 | Ossuary  | 3738 ||| FLEEEEING.
  3739 | Ossuary  | 3739 ||| FLEEEEING.
  3740 | Ossuary  | 3740 ||| FLEEEEING.
  3938 | Ossuary  | 3938 ||| READING scroll of acquirement.
  3938 | Ossuary  | 3938 ||| ACQUIRING +2 pair of boots of the Lizard {Harm
                  | rPois Will-}
  3938 | Ossuary  | Acquired the +2 pair of boots of the Lizard {Harm rPois
                  | Will-}
  4027 | Ossuary  | 4027 ||| DROPPING +6 ring of intelligence.
  4028 | Ossuary  | 4028 ||| READING scroll labelled LUNOUJO QECRI.
  4029 | Ossuary  | 4029 ||| READING scroll labelled DATZICR METE.
  4130 | Ossuary  | 4130 ||| READING scroll labelled PEYRCH SOCOCIMM.
  4131 | Ossuary  | 4131 ||| READING scroll labelled TIEWUFR GUOTO.
  4135 | Ossuary  | 4135 ||| READING 5 scrolls of identify.
  4135 | Ossuary  | 4135 ||| IDENTIFYING blue potion
  4136 | Ossuary  | 4136 ||| READING 4 scrolls of identify.
  4136 | Ossuary  | 4136 ||| IDENTIFYING golden potion
  4137 | Ossuary  | 4137 ||| READING 3 scrolls of identify.
  4137 | Ossuary  | 4137 ||| IDENTIFYING glowing golden potion
  4138 | Ossuary  | 4138 ||| READING 2 scrolls of identify.
  4138 | Ossuary  | 4138 ||| IDENTIFYING fuming white potion
  4139 | Ossuary  | 4139 ||| DROPPING potion of attraction.
  4146 | D:5      | 4146 ||| PLANNING D:1-11
  4181 | D:5      | 4181 ||| INVOKING Heroism.
  4257 | D:5      | Found a blossoming altar of Fedhas.
  4417 | D:5      | Reached skill level 8 in Ranged Weapons
  4426 | D:5      | Reached XP level 8. HP: 65/67 MP: 10/10
  4930 | D:5      | 4930 ||| READING scroll labelled ERA ZUL TEMM.
  5225 | D:6      | Reached skill level 9 in Ranged Weapons
  5293 | D:6      | 5293 ||| INVOKING Heroism.
  5296 | D:6      | Reached skill level 3 in Dodging
  5404 | D:6      | 5404 ||| INVOKING Heroism.
  5451 | D:6      | Reached skill level 6 in Fighting
  5475 | D:6      | Found a shimmering altar of Xom.
  5480 | D:6      | Found a shimmering altar of Xom.
  5480 | D:6      | Found a shimmering altar of Xom.
  5481 | D:6      | Found a shimmering altar of Xom.
  5682 | D:6      | 5682 ||| DRINKING 2 fizzy puce potions.
  5683 | D:6      | 5683 ||| READING 2 scrolls of identify.
  5683 | D:6      | 5683 ||| IDENTIFYING lumpy pink potion
  5684 | D:6      | 5684 ||| DROPPING potion of lignification.
  5703 | D:7      | 5703 ||| INVOKING Heroism.
  5806 | D:7      | Identified the +6 war axe of Gemn {venom, Fly rCorr Dex+3
                  | Stlth+}
  5905 | D:7      | 5905 ||| INVOKING Heroism.
  5955 | D:7      | Found Cemef's Assorted Antiques.
  5956 | D:7      | Found Veplino's General Store.
  5957 | D:7      | Found Mygriap's Jewellery Emporium.
  5963 | D:7      | 5963 ||| BUYING dented cabochon amulet (145 gold).
  5963 | D:7      | Bought a dented cabochon amulet for 145 gold pieces
  5963 | D:7      | 5963 ||| BUYING embroidered robe (107 gold).
  5963 | D:7      | Bought an embroidered robe for 107 gold pieces
  5963 | D:7      | 5963 ||| BUYING pair of boots (130 gold).
  5963 | D:7      | Bought a pair of boots for 130 gold pieces
  5963 | D:7      | 5963 ||| SHOPLISTING potion of might (116 gold, have 76).
  5963 | D:7      | 5963 ||| SHOPLISTING potion of mutation (232 gold, have
                  | 76).
  5963 | D:7      | 5963 ||| SHOPLISTING scroll of teleportation (87 gold, have
                  | 76).
  5999 | D:7      | Reached skill level 10 in Ranged Weapons
  5999 | D:7      | Reached XP level 9. HP: 69/78 MP: 11/11
  6029 | D:7      | Found a staircase to the Ecumenical Temple.
  6037 | D:7      | 6037 ||| DRINKING 2 potions of curing.
  6037 | D:7      | 6037 ||| (to cure confusion)
  6039 | D:7      | 6039 ||| Stepping ~*~*~tactically~*~*~ (outnumbered).
  6041 | D:7      | 6041 ||| Stepping ~*~*~tactically~*~*~ (outnumbered).
  6052 | D:7      | 6052 ||| DRINKING potion of curing.
  6052 | D:7      | 6052 ||| (to cure confusion)
  6175 | D:7      | 6175 ||| INVOKING Heroism.
  6276 | D:7      | 6276 ||| UPGRADING to +1 robe of cold resistance.
  6286 | D:7      | 6286 ||| UPGRADING to +0 pair of boots.
  6291 | D:7      | 6291 ||| READING 5 scrolls of enchant armour.
  6291 | D:7      | 6291 ||| ENCHANTING +0 pair of boots.
  6292 | D:7      | 6292 ||| READING 4 scrolls of enchant armour.
  6292 | D:7      | 6292 ||| ENCHANTING +1 pair of boots.
  6293 | D:7      | 6293 ||| UPGRADING to amulet of faith.
  6298 | D:7      | 6298 ||| READING scroll labelled ULOSKE YTSAFIT.
  6299 | D:7      | 6299 ||| READING 2 scrolls of identify.
  6299 | D:7      | 6299 ||| IDENTIFYING fizzy red potion
  6300 | D:7      | 6300 ||| DROPPING potion of ambrosia.
  6420 | D:7      | 6420 ||| BUYING scroll of identify (22 gold).
  6420 | D:7      | Bought a scroll of identify for 22 gold pieces
  6420 | D:7      | 6420 ||| READING 2 scrolls of identify.
  6420 | D:7      | 6420 ||| IDENTIFYING fizzy grey potion
  6486 | D:8      | 6486 ||| INVOKING Heroism.
  6531 | D:7      | 6531 ||| SHOPLISTING +4 ring of protection (468 gold, have
                  | 64).
  6531 | D:7      | 6531 ||| SHOPLISTING +6 ring of strength (468 gold, have
                  | 64).
  6531 | D:7      | 6531 ||| SHOPLISTING amulet of reflection (390 gold, have
                  | 64).
  6531 | D:7      | 6531 ||| SHOPLISTING amulet of regeneration (390 gold, have
                  | 64).
  6531 | D:7      | 6531 ||| SHOPLISTING ring "Vostraif" {rPois MP+9 Str+3}
                  | (487 gold, have 64).
  6531 | D:7      | 6531 ||| SHOPLISTING ring of fire (325 gold, have 64).
  6531 | D:7      | 6531 ||| SHOPLISTING ring of resist corrosion (260 gold,
                  | have 64).
  6710 | D:8      | Noticed Erica
  6711 | D:8      | 6711 ||| INVOKING Heroism.
  6720 | D:8      | Killed Erica
  6720 | D:8      | Reached *** piety under Okawaru
  6721 | D:8      | Reached skill level 11 in Ranged Weapons
  6831 | D:8      | 6831 ||| INVOKING Heroism.
  7027 | D:8      | 7027 ||| DROPPING +0 ring mail.
  7028 | D:8      | 7028 ||| UPGRADING to +2 robe of willpower.
  7098 | D:9      | Reached skill level 12 in Ranged Weapons
  7134 | D:9      | Reached **** piety under Okawaru
  7136 | D:9      | 7136 ||| INVOKING Heroism.
  7382 | D:9      | 7382 ||| Stepping ~*~*~tactically~*~*~ (outnumbered).
  7387 | D:9      | 7387 ||| Stepping ~*~*~tactically~*~*~ (outnumbered).
  7431 | D:9      | Noticed a two-headed ogre
  7432 | D:9      | 7432 ||| INVOKING Heroism.
  7437 | D:9      | Killed a two-headed ogre
  7438 | D:9      | Reached skill level 6 in Dodging
  7438 | D:9      | Reached XP level 10. HP: 88/88 MP: 9/12
  7537 | D:9      | 7537 ||| INVOKING Heroism.
  7734 | D:9      | Found a shadowy altar of Dithmenos.
  7778 | D:9      | Identified the +0 robe of Whack-A-Mole {+Inv rElec rC-
                  | Will+}
  7861 | D:9      | 7861 ||| DROPPING +0 robe of Whack-A-Mole {+Inv rElec rC-
                  | Will+}.
  7862 | D:9      | 7862 ||| READING scroll labelled KUOMODDURU.
  7869 | D:10     | Entered Level 10 of the Dungeon
  7869 | D:10     | Noticed a two-headed ogre
  7870 | D:10     | 7870 ||| INVOKING Heroism.
  7873 | D:10     | Killed a two-headed ogre
  7982 | D:10     | 7982 ||| INVOKING Heroism.
  8001 | D:10     | Reached skill level 13 in Ranged Weapons
  8003 | D:10     | 8003 ||| Stepping randomly (disturbance).
  8016 | D:10     | HP: 18/88 [something (5)]
  8271 | D:10     | Noticed a red ugly thing
  8273 | D:10     | Noticed an orc knight
  8274 | D:10     | 8274 ||| INVOKING Heroism.
  8276 | D:10     | 8276 ||| Stepping ~*~*~tactically~*~*~ (outnumbered).
  8278 | D:10     | Killed a red ugly thing
  8288 | D:10     | HP: 21/90 [orc knight/+0 battleaxe (22)]
  8289 | D:10     | 8289 ||| READING 6 scrolls of teleportation.
  8289 | D:10     | HP: 9/90 [orc knight/+0 battleaxe (13)]
  8290 | D:10     | 8290 ||| DRINKING 6 potions of heal wounds.
  8290 | D:10     | Killed an orc knight
  8290 | D:10     | Reached ***** piety under Okawaru
  8291 | D:10     | Reached skill level 9 in Fighting
  8291 | D:10     | Reached skill level 6 in Invocations
  8783 | D:10     | Noticed a boulder beetle
  8784 | D:10     | 8784 ||| INVOKING Heroism.
  8787 | D:10     | 8787 ||| INVOKING Finesse.
  8794 | D:10     | Killed a boulder beetle
  8794 | D:10     | Identified the +9 longbow of World Downfall {drain, rPois
                  | rC- Str+2} (Okawaru gifted it to you on level 10 of the
                  | Dungeon)
  8794 | D:10     | Received a gift from Okawaru
  8810 | D:10     | Reached XP level 11. HP: 97/97 MP: 8/15
  8855 | D:10     | 8855 ||| SWAPPING to +9 longbow of World Downfall {drain,
                  | rPois rC- Str+2}.
  9004 | D:10     | Noticed a deep elf pyromancer
  9007 | D:10     | Killed a deep elf pyromancer
  9019 | D:10     | Noticed a death knight
  9023 | D:10     | 9023 ||| INVOKING Heroism.
  9025 | D:10     | Slain by a death knight

Levels and vault maps discovered:
D:1:      onia_arrival_mini_spirals, layout_loops_ring, serial_bayou_lake_a
D:2:      layout_basic, kennysheep_jessica_study
D:3:      layout_loops_cross, kennysheep_okawaru_gauntlet,
          kennysheep_generic_room_13
D:4:      layout_loops_cross, amcnicky_altar_gilded,
          nicolae_wu_jian_glorious_leap, yredelemnul_altar_generic,
          nicolae_uskayaw_murder_on_the_dancefloor, uniq_ijyb
D:5:      layout_basic, old_standard_altar, minitemple, serial_shops,
          nicolae_shop_crystal, enter_ossuary_1, kennysheep_nub,
          solitary_fountain, grunt_decor_clamped
D:6:      layout_basic, xom_redecorated, nicolae_half_adder
D:7:      layout_rooms, minmay_temple_entry_waves, serial_glass,
          glass_columns_b, glass_columns_a, glass_columns_a, glass_columns_a,
          glass_columns_c, glass_columns_b, glass_columns_c, glass_columns_c,
          nicolae_shop_distant_corner_stores
D:8:      layout_cave_pools, uniq_erica
D:9:      layout_gridville, lemuel_tele_altar, minmay_misc_feat_x
D:10:     minmay_the_grid_triangle_9x9_rhombus_thin
          [minmay_the_grid_triangle_9x9_pentomino_pain,
          minmay_the_grid_triangle_9x9_prize_insulated,
          minmay_the_grid_triangle_9x9_descending_squares,
          minmay_the_grid_triangle_9x9_longest], layout_basic

Skill      XL: |  1  2  3  4  5  6  7  8  9 10 11 |
---------------+----------------------------------+-----
Ranged Weapons | 3 4 5 6 8 10 12 13 | 13.6
Fighting       | 2 3 4 6 8 9 |  9.0
Armour         | 2 |  2.0
Invocations    | 2 4 6 7 |  7.2
Dodging        | 3 6 |  6.6
Spellcasting   | |  1.0
Hexes          | |  2.0

Action                     |  1- 3 |  4- 6 |  7- 9 | 10-12 || total
---------------------------+-------+-------+-------+-------++-------
   Fire: Sling             |    98 |       |       |       ||    98
         Longbow           |       |   112 |   236 |    93 ||   441
 Invoke: Heroism           |       |       |    13 |     6 ||    19
         Finesse           |       |       |       |     1 ||     1
    Use: Scroll            |     4 |     4 |    16 |     2 ||    26
         Potion            |       |     1 |     3 |     1 ||     5
 Armour: Robe              |     9 |       |     3 |     7 ||    19
         Leather armour    |     2 |     2 |       |       ||     4
         Ring mail         |       |    16 |    26 |       ||    42
  Dodge: Dodged            |    30 |    38 |    56 |    13 ||   137

Table legend:
 A = Non-vault XP
 B = Vault XP
 C = Vault XP percentage of total XP
 D = Non-vault monster count
 E = Vault monster count
 F = Vault count percentage of total count
                 A         B        C        D         E       F
            +---------+---------+-------+---------+---------+-------
      Total |    6441 |    5888 |  47.8 |     129 |      61 |  32.1
            +---------+---------+-------+---------+---------+-------
        D:1 |      45 |       0 |   0.0 |      26 |       0 |   0.0
        D:2 |      20 |      39 |  66.1 |       8 |       2 |  20.0
        D:3 |      67 |      19 |  22.1 |       7 |       4 |  36.4
        D:4 |     226 |      35 |  13.4 |      16 |       1 |   5.9
        D:5 |     543 |       0 |   0.0 |      15 |       0 |   0.0
        D:6 |     740 |      80 |   9.8 |       9 |       6 |  40.0
        D:7 |     835 |       0 |   0.0 |      13 |       0 |   0.0
        D:8 |     672 |     826 |  55.1 |      11 |       1 |   8.3
        D:9 |    1615 |       0 |   0.0 |      20 |       0 |   0.0
       D:10 |    1678 |    4265 |  71.8 |       4 |      10 |  71.4
    Ossuary |       0 |     624 | 100.0 |       0 |      37 | 100.0
            +---------+---------+-------+---------+---------+-------
